 Dungeon Crawl Stone Soup version 0.29.0-4-gdea44cf6ec (webtiles) character file.

Game seed: 5522475498830483029

109 qw the Ruffian (level 4, 0/44 HPs)
             Began as a Troll Cinder Acolyte on Sept 3, 2022.
             Was a High Priest of Ignis.
             Slain by a gnoll
             ... wielding a +0 halberd
              (8 damage)
             ... on level 3 of the Dungeon.
             The game lasted 00:00:54 (1817 turns).

qw the Ruffian (Troll Cinder Acolyte)               Turns: 1817, Time: 00:00:54

Health: 0/44       AC: 11    Str: 24    XL:     4   Next: 59%
Magic:  4/4        EV:  5    Int: 10    God:    Ignis [*****.]
Gold:   76         SH:  0    Dex:  5    Spells: 5/5 levels left

rFire   + . .      SeeInvis .     - Unarmed
rCold   . . .      Faith    .   (no shield)
rNeg    . . .      Spirit   .   a - +0 robe
rPois   +          Reflect  .   (helmet restricted)
rElec   .          Harm     .   (no cloak)
rCorr   .          Rampage  .   (gloves unavailable)
Will    .....                   (boots unavailable)
Stlth   +.........              (no amulet)
HPRegen 0.94/turn               g - ring of poison resistance
MPRegen 0.09/turn               (no ring)

@: fiery-armoured, held
A: large, unfitting armour, claws 3, regeneration 1, shaggy fur 1, tough skin 1
a: Renounce Religion, Fiery Armour, Foxfire Swarm, Rising Flame


You were on level 3 of the Dungeon.
You worshipped Ignis.
Ignis was extremely pleased with you.
You visited 1 branch of the dungeon, and saw 3 of its levels.

You collected 76 gold pieces.


Innate Abilities, Weirdness & Mutations

You are too large for most types of armour.
You have claws for hands.
Your natural rate of healing is unusually fast.
You are covered in fur. (AC +1)
You have tough skin. (AC +1)


   Skills:
 - Level 2.4 Fighting
 + Level 5.4 Unarmed Combat
 - Level 1.0 Spellcasting
 - Level 2.1 Fire Magic


You had 5 spell levels left.
You didn't know any spells.
Your spell library contained the following spells:

 Spells                   Type           Power      Damage    Failure   Level
 Scorch                   Fire           8%         2d5       22%         2

Inventory:

Missiles
 e - 2 boomerangs (quivered)
Armour
 a - a +0 robe (worn)
Jewellery
 g - a ring of poison resistance (left claw)
 o - a +6 ring of dexterity
Scrolls
 h - 2 scrolls of fear {unknown}
 l - a scroll of identify {unknown}
 m - a scroll of vulnerability {unknown}
 n - a scroll of brand weapon {unknown}
Potions
 b - a potion of lignification {unknown}
 c - 2 potions of haste {unknown}
 d - a potion of invisibility {unknown}
 f - a potion of resistance {unknown}
 i - a potion of curing {unknown}
 j - a potion of brilliance {unknown}
 k - 2 potions of berserk rage {unknown}

Dungeon Overview and Level Annotations

Branches:
Dungeon (3/15)

Altars:
Fedhas


Message History

a +0 mace; a +0 flail; an orc corpse
Things that are here:
a +0 trident; an orc corpse A gnoll comes into view.
It is wielding a +0 halberd.
The gnoll shouts!
1807 ||| Stepping ~*~*~tactically~*~*~ (hiding).
You start waiting.
A gnoll is nearby! 2 gnolls come into view.
The gnoll shouts! x2
The gnoll hits you from afar with a +0 halberd!
The gnoll moves out of view.
1811 ||| INVOKING Fiery Armour.
A protective cloak of flame settles atop you.
A gnoll comes into view. It is wielding a +0 whip.
The gnoll hits you from afar with a +0 halberd!
The gnoll shouts!
The gnoll barely misses you. The gnoll hits you with a +0 halberd.
The gnoll is burned by your cloak of flames.
The gnoll is heavily wounded.
You scratch the gnoll.
The gnoll is severely wounded.
The gnoll hits you from afar with a +0 halberd.
The gnoll hits you with a +0 halberd!
The gnoll is burned by your cloak of flames.
The gnoll is almost dead.
You claw the gnoll!
You kill the gnoll!
The gnoll barely misses you.
The gnoll throws a throwing net.
The throwing net hits you.
You become entangled in the net!
You struggle against the net.
The gnoll hits you but does no damage.
You struggle against the net.
The gnoll hits you from afar with a +0 halberd.
The gnoll hits you with a +0 club.
The gnoll is burned by your cloak of flames.
The gnoll is heavily wounded.
You tear a large gash into the net.
The gnoll hits you from afar with a +0 halberd!
You die...

...........%.# #.####
#...##..####.###.#... ##
#..####.....#.##
#....####.###.# #.##.#
#.###.# #.##.# #.....# #
##.##.# #..####
#.###g##...#.## #.......
#....gg@.........(.####.
..######...#########
##.## ..# ###


You could see 3 gnolls.

Vanquished Creatures
  An orc priest (D:3)
  A gnoll (D:3)
  2 adders (D:3)
  2 dart slugs
  2 orcs (D:3)
  A bat (D:3)
  4 endoplasms
  3 giant cockroaches
  5 goblins
  2 hobgoblins
  6 jackals
  3 quokkas
  5 ball pythons
  2 frilled lizards (D:1)
  3 kobolds (D:1)
  2 rats
44 creatures vanquished.

Notes
Turn   | Place    | Note
-------+----------+-------------------------------------------
     0 | D:1      | qw the Troll Cinder Acolyte began the quest for the Orb.
     0 | D:1      | Reached XP level 1. HP: 22/22 MP: 1/1
     0 | D:1      | 0 ||| qw: Version: 0.1-a-102-g441f92d
     0 | D:1      | 0 ||| qw: Game counter: 5131
     0 | D:1      | 0 ||| qw: Always use a shield: true
     0 | D:1      | 0 ||| qw: God list: Okawaru
     0 | D:1      | 0 ||| qw: Allow faded altars: false
     0 | D:1      | 0 ||| qw: Do Orc after D:15 true
     0 | D:1      | 0 ||| qw: Do second Lair branch before Depths: true
     0 | D:1      | 0 ||| qw: Lair rune preference: random
     0 | D:1      | 0 ||| qw: Plans: Normal
     0 | D:1      | 0 ||| PLANNING D:1-11
    19 | D:1      | 19 ||| Stepping ~*~*~tactically~*~*~ (stealth).
   180 | D:1      | Reached XP level 2. HP: 29/29 MP: 2/2
   204 | D:1      | 204 ||| Stepping ~*~*~tactically~*~*~ (stealth).
   214 | D:1      | 214 ||| Stepping ~*~*~tactically~*~*~ (outnumbered).
   217 | D:1      | 217 ||| Stepping ~*~*~tactically~*~*~ (outnumbered).
   218 | D:1      | 218 ||| Stepping ~*~*~tactically~*~*~ (outnumbered).
   219 | D:1      | 219 ||| Stepping ~*~*~tactically~*~*~ (outnumbered).
   220 | D:1      | 220 ||| Stepping ~*~*~tactically~*~*~ (outnumbered).
   221 | D:1      | 221 ||| Stepping ~*~*~tactically~*~*~ (outnumbered).
   222 | D:1      | 222 ||| Stepping ~*~*~tactically~*~*~ (outnumbered).
   240 | D:1      | Found a faded altar of an unknown god.
   240 | D:1      | Noticed a golden eye
   244 | D:1      | Noticed a shining eye
   244 | D:1      | Noticed a floating eye
   244 | D:1      | Noticed a great orb of eyes
   816 | D:1      | 816 ||| READING scroll labelled QOYRPH VU QIUZ.
   817 | D:1      | 817 ||| READING scroll labelled SENLOKA HYMO.
   818 | D:1      | 818 ||| Stepping randomly (stuck).
   819 | D:1      | 819 ||| Stepping ~*~*~tactically~*~*~ (cloud).
   870 | D:2      | Reached skill level 4 in Unarmed Combat
  1248 | D:2      | Reached XP level 3. HP: 36/36 MP: 3/3
  1449 | D:2      | 1449 ||| UPGRADING to ring of poison resistance.
  1450 | D:2      | 1450 ||| DROPPING +6 ring of intelligence.
  1536 | D:3      | 1536 ||| Stepping ~*~*~tactically~*~*~ (stealth).
  1622 | D:3      | Found a blossoming altar of Fedhas.
  1763 | D:3      | 1763 ||| Stepping ~*~*~tactically~*~*~ (hiding).
  1784 | D:3      | 1784 ||| Stepping ~*~*~tactically~*~*~ (outnumbered).
  1786 | D:3      | Reached skill level 5 in Unarmed Combat
  1786 | D:3      | Reached XP level 4. HP: 41/44 MP: 4/4
  1786 | D:3      | 1786 ||| Stepping ~*~*~tactically~*~*~ (outnumbered).
  1787 | D:3      | 1787 ||| Stepping ~*~*~tactically~*~*~ (outnumbered).
  1788 | D:3      | 1788 ||| Stepping ~*~*~tactically~*~*~ (outnumbered).
  1807 | D:3      | 1807 ||| Stepping ~*~*~tactically~*~*~ (hiding).
  1811 | D:3      | 1811 ||| INVOKING Fiery Armour.
  1816 | D:3      | HP: 9/44 [gnoll/+0 halberd (6)]
  1817 | D:3      | Slain by a gnoll

Levels and vault maps discovered:
D:1:      mainiacjoe_arrival_reflecting_pool, layout_loops_corners,
          hellmonk_ecumenical_altar_watching_god
D:2:      layout_basic
D:3:      layout_loops_ring, old_standard_altar, dk_vineyard_2,
          nicolae_concentric_dashed_squares_wild

Skill      XL: |  1  2  3 |
---------------+----------+-----
Unarmed Combat | 4 5 |  5.4
Fighting       | |  2.4
Spellcasting   | |  1.0
Fire Magic     | |  2.1

Action                   |  1- 3 |  4- 6 || total
-------------------------+-------+-------++-------
Melee: Unarmed           |   120 |     4 ||   124
       Punch             |     2 |       ||     2
Throw: Boomerang         |    12 |       ||    12
Invok: Fiery Armour      |       |     1 ||     1
  Use: Scroll            |     2 |       ||     2
Armor: Robe              |    34 |     1 ||    35
Dodge: Dodged            |    56 |     3 ||    59

Table legend:
 A = Non-vault XP
 B = Vault XP
 C = Vault XP percentage of total XP
 D = Non-vault monster count
 E = Vault monster count
 F = Vault count percentage of total count
                 A         B        C        D         E       F
            +---------+---------+-------+---------+---------+-------
      Total |     156 |       0 |   0.0 |      44 |       0 |   0.0
            +---------+---------+-------+---------+---------+-------
        D:1 |      28 |       0 |   0.0 |      17 |       0 |   0.0
        D:2 |      15 |       0 |   0.0 |       9 |       0 |   0.0
        D:3 |     113 |       0 |   0.0 |      18 |       0 |   0.0
            +---------+---------+-------+---------+---------+-------
